 Dungeon Sprint DCSS version 0.27.1-33-g824d729ab1 (webtiles) character file.

Game seed: 4309644904369210089

1476 manyhoops the Impaler (level 8, -1/109 HPs)
             Began as a Merfolk Berserker on Nov 27, 2021.
             Was an Elder of Trog.
             Slain by a demonic crawler (6 damage)
             ... in the Dungeon (Sprint I: "Red Sonja").
             The game lasted 00:01:45 (1030 turns).

manyhoops the Impaler (Merfolk Berserker)           Turns: 1030, Time: 00:01:46

Health: -1/109     AC:  7    Str: 20    XL:     8   Next: 78%
Magic:  8/8        EV: 14    Int:  6    God:    Trog [****..]
Gold:   299        SH:  0    Dex: 13    Spells: 7/7 levels left

rFire    . . .     SeeInvis .   b - +0 scythe
rCold    . . .     Faith    .   (shield currently unavailable)
rNeg     . . .     Spirit   .   j - +0 ring mail
rPois    .         Reflect  .   (no helmet)
rElec    .         Harm     .   k - +0 cloak
rCorr    .         Rampage  .   l - +0 pair of gloves
Will     ++...     NoTele   +   (no boots)
Stlth    ..........             (no amulet)
HPRegen  1.28/turn              (no ring)
MPRegen  0.11/turn              (no ring)

@: berserking, strong-willed, regenerating, very quick
A: (nimble swimmer 2), mertail
a: Renounce Religion, Berserk, Trog's Hand, Brothers in Arms


You were in the Dungeon.
You worshipped Trog.
Trog was greatly pleased with you.
You visited 1 branch You collected 407 gold pieces.
You spent 108 gold pieces at shops.

Inventory:

Hand Weapons
 a - a +0 spear
 b - a +0 scythe (weapon)
Armour
 j - a +0 ring mail (worn)
 k - a +0 cloak (worn)
 l - a +0 pair of gloves (worn)
Wands
 i - a wand of flame (22)
Scrolls
 h - a scroll of blinking
Potions
 c - 2 potions of curing
 d - a potion of heal wounds
 e - a potion of haste
 f - 3 potions of magic
 g - a potion of berserk rage


   Skills:
 + Level 10.5 Fighting
 - Level 20.1 Polearms
 - Level 1.3 Armour
 + Level 8.4 Dodging


You had 7 spell levels left.
You didn't know any spells.
Your spell library was empty.

Dungeon Overview and Level Annotations

Branches:
Dungeon (1/1)

Altars:
Cheibriados
Dithmenos
Elyvilon
Fedhas
Gozag
Hepliaklqana
Kikubaaqudgha
Makhleb
Nemelex Xobeh
Okawaru
Qazlal
Ru
Sif Muna
Trog
Uskayaw
Vehumet
Wu Jian
Xom
Yredelemnul
Zin
The Shining One
Jiyva
Lugonu

Shops:
D [


Innate Abilities, Weirdness & Mutations

((You are quick and stealthy near water. (Stealth+, EV+, Speed+++)))
Your lower body shifts to a powerful aquatic tail in water.


Message History

The demonic crawler is moderately wounded.
The demonic crawler misses you.
The demonic crawler hits you but does no damage.
The demonic crawler closely misses you. The demonic crawler misses you.
The demonic crawler hits you. The demonic crawler barely misses you.
Unknown command.
You slash the demonic crawler!
The demonic crawler is heavily wounded.
The demonic crawler hits you! The demonic crawler hits you. x5
Unknown command.
You slice the demonic crawler!!
You kill the demonic crawler!
Trog accepts your kill.
Your Fighting skill increases to level 10!
Your Dodging skill increases to level 8!
Unknown command.
You barely miss the demonic crawler. The demonic crawler hits you. x3
The demonic crawler hits you!
* * * LOW HITPOINT WARNING * * *
The demonic crawler hits you but does no damage.
The demonic crawler barely misses you.
Unknown command.
You slice the demonic crawler!!
The demonic crawler is moderately wounded.
The demonic crawler closely misses you. The demonic crawler hits you.
* * * LOW HITPOINT WARNING * * *
The demonic crawler hits you but does no damage.
The demonic crawler hits you!
* * * LOW HITPOINT WARNING * * *
The demonic crawler misses you. The demonic crawler closely misses you.
You hit the demonic crawler.
The demonic crawler is moderately wounded.
The demonic crawler hits you but does no damage.
The demonic crawler barely misses you. The demonic crawler misses you.
The demonic crawler hits you!
* * * LOW HITPOINT WARNING * * *
The demonic crawler hits you.
* * * LOW HITPOINT WARNING * * *
The demonic crawler hits you.
You die...

##################
.#..'..#__#..')..#
.'[.#..'..'..#).s##+#
'#####'#__####..@ss.#
.#...#.#### #####..+
##..##(# ## _##'#_.+
..'..._# _##_.#'#
_###+#[# ## ###


You could see 3 demonic crawlers.

Vanquished Creatures
  2 kobold demonologists (D)
  A demonic crawler (D)
  A slime creature (D)
  Sigmund (D)
  A yak (D)
  A floating eye (D)
  An ogre (D)
  A jelly (D)
  Ijyb (D)
10 creatures vanquished.

Vanquished Creatures (others)
  A gargoyle (D)
1 creature vanquished.

Grand Total: 11 creatures vanquished

Notes
Turn   | Place    | Note
-------+----------+-------------------------------------------
     0 | D        | manyhoops the Merfolk Berserker began the quest for the
                  | Orb.
     0 | D        | Reached XP level 1. HP: 18/18 MP: 1/1
     1 | D        | Noticed Ijyb
     9 | D        | Killed Ijyb
    10 | D        | Reached skill level 9 in Polearms
    10 | D        | Reached XP level 2. HP: 6/24 MP: 2/2
    10 | D        | Reached XP level 3. HP: 7/29 MP: 3/3
   207 | D        | Killed a gargoyle
   287 | D        | Noticed an ogre
   292 | D        | Killed an ogre
   293 | D        | Reached skill level 13 in Polearms
   293 | D        | Reached XP level 4. HP: 35/35 MP: 4/4
   337 | D        | Noticed Sigmund
   342 | D        | Killed Sigmund
   342 | D        | Reached ** piety under Trog
   343 | D        | Reached skill level 16 in Polearms
   343 | D        | Reached XP level 5. HP: 41/41 MP: 5/5
   343 | D        | Reached XP level 6. HP: 47/47 MP: 6/6
   364 | D        | Found an ornate altar of the Wu Jian Council.
   364 | D        | Found a shimmering blue altar of Sif Muna.
   589 | D        | Found a radiant altar of Vehumet.
   596 | D        | Reached skill level 17 in Polearms
   604 | D        | Found Gihudgh's Armour Emporium.
   604 | D        | Found an ancient bone altar of Kikubaaqudgha.
   604 | D        | Found a hazy altar of Hepliaklqana.
   604 | D        | Found a stormy altar of Qazlal.
   604 | D        | Found a hide-covered altar of Uskayaw.
   604 | D        | Found a blossoming altar of Fedhas.
   604 | D        | Found a bloodstained altar of Trog.
   604 | D        | Found an iron altar of Okawaru.
   604 | D        | Found a basalt altar of Yredelemnul.
   604 | D        | Found a glowing golden altar of the Shining One.
   604 | D        | Found a snail-covered altar of Cheibriados.
   604 | D        | Found a sacrificial altar of Ru.
   604 | D        | Found a glowing silver altar of Zin.
   604 | D        | Found a shadowy altar of Dithmenos.
   604 | D        | Found a white marble altar of Elyvilon.
   604 | D        | Noticed a yak
   608 | D        | Killed a yak
   609 | D        | Reached skill level 18 in Polearms
   609 | D        | Found an opulent altar of Gozag.
   610 | D        | Found a sparkling altar of Nemelex Xobeh.
   655 | D        | Bought a +0 cloak for 54 gold pieces
   655 | D        | Bought a +0 pair of gloves for 54 gold pieces
   807 | D        | Found a viscous altar of Jiyva.
   807 | D        | Found a corrupted altar of Lugonu.
   807 | D        | Noticed a slime creature
   808 | D        | Found a burning altar of Makhleb.
   808 | D        | Found a shimmering altar of Xom.
   813 | D        | Killed a slime creature
   813 | D        | Reached *** piety under Trog
   814 | D        | Reached skill level 20 in Polearms
   814 | D        | Reached XP level 7. HP: 52/52 MP: 7/7
   873 | D        | Noticed a kobold demonologist
   874 | D        | Noticed a kobold demonologist
   877 | D        | Reached skill level 5 in Fighting
   879 | D        | Killed a kobold demonologist
   880 | D        | Reached XP level 8. HP: 68/68 MP: 8/8
   883 | D        | Killed a kobold demonologist
   883 | D        | Reached **** piety under Trog
  1021 | D        | Noticed a demonic crawler
  1021 | D        | Noticed a demonic crawler
  1021 | D        | Noticed a demonic crawler
  1021 | D        | Noticed a demonic crawler
  1027 | D        | Killed a demonic crawler
  1028 | D        | Reached skill level 10 in Fighting
  1030 | D        | HP: 5/109 [demonic crawler (4)]
  1030 | D        | Slain by a demonic crawler

Illustrated notes

Levels and vault maps discovered:
D:        dungeon_sprint_1 [red_sonja_temple_1, red_sonja_temple_small_1]

Skill      XL: |  1  2  3  4  5  6  7  8 |
---------------+-------------------------+-----
Polearms       | 9 13 16 20 | 20.1
Fighting       | 7 10 | 10.5
Dodging        | 6 8 |  8.4
Armour         | |  1.3

Action                   |  1- 3 |  4- 6 |  7- 9 || total
-------------------------+-------+-------+-------++-------
Melee: Spear             |    11 |     4 |       ||    15
       Scythe            |       |    12 |    15 ||    27
Invok: Berserk           |     2 |     3 |     2 ||     7
       Trog's Hand       |       |       |     2 ||     2
Armor: Ring mail         |       |     3 |     6 ||     9
Dodge: Dodged            |     1 |     6 |    21 ||    28
